BSA
NEW YORK KNIGHTS @ BAFFIN ISLAND BEAVERS
09/23/2028
 
TOP OF THE 1ST
New York Knights batting - Pitching for Baffin Island Beavers : RHP Nathan Walters
Pitching: RHP Nathan Walters
Batting: LHB Dan Hamilton 0-0: Foul Ball, location: 2F
0-1: Ground out 3-1 (Groundball, 34)
Batting: RHB Pepe Carrasco 0-0: Ball
1-0: Foul Ball, location: 2F
1-1: Called Strike
1-2: Fly out, F7 (Line Drive, 7D)
Batting: LHB Arthur Hall 0-0: Called Strike
0-1: Foul Ball, location: 2F
0-2: Ground out 6-3 (Groundball, 6M)
Top of the 1st over - 0 run(s), 0 hit(s), 0 error(s), 0 left on base; New York 0 - Baffin Island 0
BOTTOM OF THE 1ST
Baffin Island Beavers batting - Pitching for New York Knights : RHP Elton Johnston
Pitching: RHP Elton Johnston
Batting: RHB Tony Morton 0-0: Foul Ball, location: 2F
0-1: Ground out U3 (Groundball, 34)
Batting: LHB Norberto Muńóz 0-0: Ball
1-0: Fly out, F6 (Popup, 6MD)
Batting: LHB Chris Bates 0-0: Ball
1-0: Called Strike
1-1: Ball
2-1: Foul Ball, location: 2F
2-2: DOUBLE (Flyball, 89XD)
Batting: RHB Dave Craig 0-0: Called Strike
0-1: Called Strike
0-2: Strikes out looking
Bottom of the 1st over - 0 run(s), 1 hit(s), 0 error(s), 1 left on base; New York 0 - Baffin Island 0
TOP OF THE 2ND
New York Knights batting - Pitching for Baffin Island Beavers : RHP Nathan Walters
Batting: RHB Vic Langlois 0-0: Called Strike
0-1: Ball
1-1: Swinging Strike
1-2: Foul Ball, location: 2F
1-2: Foul Ball, location: 2F
1-2: Ball
2-2: Strikes out swinging
Batting: RHB Lonnie Anderson 0-0: Called Strike
0-1: Foul Ball, location: 2F
0-2: Strikes out swinging
Batting: SHB Marvin Harris 0-0: Called Strike
0-1: Fly out, F7 (Flyball, 7D)
Top of the 2nd over - 0 run(s), 0 hit(s), 0 error(s), 0 left on base; New York 0 - Baffin Island 0
BOTTOM OF THE 2ND
Baffin Island Beavers batting - Pitching for New York Knights : RHP Elton Johnston
Batting: LHB Lorenzo Villa 0-0: Foul Ball, location: 2F
0-1: Ball
1-1: Foul Ball, location: 2F
1-2: Foul Ball, location: 2F
1-2: Ball
2-2: Foul Ball, location: 2F
2-2: Ball
3-2: SINGLE (Line Drive, 4M)
Batting: SHB Alonso Ferreira 0-0: Called Strike
0-1: Called Strike
0-2: Ball
1-2: Ball
2-2: Foul Ball, location: 2F
2-2: Strikes out looking
Batting: LHB Sammy Marshall 0-0: Called Strike
0-1: Ball
1-1: Foul Ball, location: 2F
1-2: Strikes out swinging
Batting: LHB Mike MacFadden 0-0: Called Strike
0-1: Swinging Strike
0-2: Ball
1-2: Strikes out swinging
Bottom of the 2nd over - 0 run(s), 1 hit(s), 0 error(s), 1 left on base; New York 0 - Baffin Island 0
TOP OF THE 3RD
New York Knights batting - Pitching for Baffin Island Beavers : RHP Nathan Walters
Batting: RHB Felipe Rodríguez 0-0: Ball
1-0: Foul Ball, location: 2F
1-1: Ground out 6-3 (Groundball, 6)
Batting: LHB Mike Harris 0-0: Ball
1-0: Called Strike
1-1: Ball
2-1: Ball
3-1: Base on Balls
Batting: RHB Jacob Pope 0-0: Ball
1-0: Fly out, F7 (Flyball, 7S)
Batting: LHB Dan Hamilton 0-0: Ball
1-0: Ball
2-0: Called Strike
2-1: Ball
Mike Harris steals 2nd base
3-1: Ground out 6-3 (Groundball, 6)
Top of the 3rd over - 0 run(s), 0 hit(s), 0 error(s), 1 left on base; New York 0 - Baffin Island 0
BOTTOM OF THE 3RD
Baffin Island Beavers batting - Pitching for New York Knights : RHP Elton Johnston
Batting: RHB Alden Isenhood 0-0: Ball
1-0: Ground out 4-3 (Groundball, 4S)
Batting: RHB Tony Morton 0-0: Ball
1-0: Ground out 6-3 (Groundball, 6)
Batting: LHB Norberto Muńóz 0-0: Swinging Strike
0-1: Ball
1-1: Ball
2-1: Ground out 3-1 (Groundball, 34)
Bottom of the 3rd over - 0 run(s), 0 hit(s), 0 error(s), 0 left on base; New York 0 - Baffin Island 0
TOP OF THE 4TH
New York Knights batting - Pitching for Baffin Island Beavers : RHP Nathan Walters
Batting: RHB Pepe Carrasco 0-0: Ball
1-0: Foul Ball, location: 2F
1-1: Fly out, F9 (Flyball, 9)
Batting: LHB Arthur Hall 0-0: Swinging Strike
0-1: Ground out 4-3 (Groundball, 4)
Batting: RHB Vic Langlois 0-0: Called Strike
0-1: Foul Ball, location: 2F
0-2: Strikes out swinging, 2-3 out at first.
Top of the 4th over - 0 run(s), 0 hit(s), 0 error(s), 0 left on base; New York 0 - Baffin Island 0
BOTTOM OF THE 4TH
Baffin Island Beavers batting - Pitching for New York Knights : RHP Elton Johnston
Batting: LHB Chris Bates 0-0: Called Strike
0-1: Foul Ball, location: 2F
0-2: Ball
1-2: Fly out, F7 (Flyball, 78S)
Batting: RHB Dave Craig 0-0: Called Strike
0-1: Fly out, F2 (Popup, 2R)
Batting: LHB Lorenzo Villa 0-0: Foul Ball, location: 2F
0-1: Ball
1-1: Foul Ball, location: 2F
1-2: Ball
2-2: Ball
3-2: Fly out, F7 (Flyball, 7LSF)
Bottom of the 4th over - 0 run(s), 0 hit(s), 0 error(s), 0 left on base; New York 0 - Baffin Island 0
TOP OF THE 5TH
New York Knights batting - Pitching for Baffin Island Beavers : RHP Nathan Walters
Batting: RHB Lonnie Anderson 0-0: SINGLE (Groundball, 3D)
Batting: SHB Marvin Harris 0-0: Ball
1-0: Ball
2-0: Ball
3-0: Swinging Strike
3-1: Swinging Strike
3-2: Strikes out swinging
Lonnie Anderson steals 2nd base
Batter strikes out.
Batting: RHB Felipe Rodríguez 0-0: Intentional Walk
Batting: LHB Mike Harris 0-0: Ball
1-0: Foul Ball, location: 2F
1-1: Called Strike
1-2: Strikes out swinging
Batting: RHB Steve Sampson 0-0: Foul Ball, location: 2F
0-1: Fielders Choice at 2nd, 5-4 (Groundball, 56)
Top of the 5th over - 0 run(s), 1 hit(s), 0 error(s), 1 left on base; New York 0 - Baffin Island 0
BOTTOM OF THE 5TH
Baffin Island Beavers batting - Pitching for New York Knights : RHP Elton Johnston
Now in LF: Steve Sampson
Batting: SHB Alonso Ferreira 0-0: Ball
1-0: Foul Ball, location: 2F
1-1: Foul Ball, location: 2F
1-2: Ball
2-2: SINGLE (Groundball, 3D)
Batting: LHB Sammy Marshall 0-0: Ball
Alonso Ferreira is caught stealing 2nd base
1-0: Ball
2-0: Ball
3-0: Called Strike
3-1: Foul Ball, location: 2F
3-2: Foul Ball, location: 2F
3-2: Strikes out swinging
Batting: LHB Mike MacFadden 0-0: Foul Ball, location: 2F
0-1: Ball
1-1: Foul Ball, location: 2F
1-2: Foul Ball, location: 2F
1-2: SINGLE (Groundball, 6MD)
Batting: RHB Alden Isenhood 0-0: Called Strike
0-1: Called Strike
0-2: Ball
1-2: SINGLE (Groundball, 6MD)
Mike MacFadden to second
Batting: RHB Tony Morton 0-0: Ball
1-0: Called Strike
1-1: Called Strike
1-2: Foul Ball, location: 2F
1-2: Ball
2-2: Foul Ball, location: 2F
2-2: DOUBLE (Groundball, 3L)
Mike MacFadden scores
Alden Isenhood to third
Runner from 3rd tries for Home, SAFE, no throw
Batting: LHB Norberto Muńóz 0-0: Called Strike
0-1: Ball
1-1: Foul Ball, location: 2F
1-2: Ground out 4-3 (Groundball, 4)
Bottom of the 5th over - 2 run(s), 4 hit(s), 0 error(s), 1 left on base; New York 0 - Baffin Island 2
TOP OF THE 6TH
New York Knights batting - Pitching for Baffin Island Beavers : RHP Nathan Walters
Batting: LHB Dan Hamilton 0-0: Called Strike
0-1: Foul Ball, location: 2F
0-2: Foul Ball, location: 2F
0-2: Foul Ball, location: 2F
0-2: Ground out U3 (Groundball, 34)
Batting: RHB Pepe Carrasco 0-0: Fly out, F7 (Flyball, 7D)
Batting: LHB Arthur Hall 0-0: Ball
1-0: DOUBLE (Line Drive, 89D)
Batting: RHB Vic Langlois 0-0: Called Strike
0-1: Swinging Strike
0-2: Ground out 6-3 (Groundball, 6)
Top of the 6th over - 0 run(s), 1 hit(s), 0 error(s), 1 left on base; New York 0 - Baffin Island 2
BOTTOM OF THE 6TH
Baffin Island Beavers batting - Pitching for New York Knights : RHP Elton Johnston
Pitching: LHP Juan Ortíz
Batting: LHB Chris Bates 0-0: Ball
1-0: Swinging Strike
1-1: Ball
2-1: Ball
3-1: Called Strike
3-2: Base on Balls
Batting: RHB Dave Craig 0-0: Ball
1-0: Fly out, F6 (Line Drive, 6MD)
Batting: LHB Lorenzo Villa 0-0: SINGLE (Groundball, 6D)
Chris Bates to second
Batting: SHB Alonso Ferreira 0-0: Swinging Strike
0-1: Ball
1-1: Ball
2-1: Grounds into double play, 1-4-3 (Groundball, 15S)
Bottom of the 6th over - 0 run(s), 1 hit(s), 0 error(s), 1 left on base; New York 0 - Baffin Island 2
TOP OF THE 7TH
New York Knights batting - Pitching for Baffin Island Beavers : RHP Nathan Walters
Batting: RHB Lonnie Anderson 0-0: Swinging Strike
0-1: Called Strike
0-2: Foul Ball, location: 2F
0-2: Ball
1-2: Ball
2-2: Foul Ball, location: 2F
2-2: Fly out, F4 (Popup, 4D)
Batting: SHB Marvin Harris 0-0: Called Strike
0-1: Foul Ball, location: 2F
0-2: Ball
1-2: Foul Ball, location: 2F
1-2: Ball
2-2: Fly out, F7 (Line Drive, 78M)
Batting: RHB Felipe Rodríguez 0-0: Ball
1-0: Foul Ball, location: 2F
1-1: Ball
2-1: Ball
3-1: Foul Ball, location: 2F
3-2: Foul Ball, location: 2F
3-2: Foul Ball, location: 2F
3-2: Fly out, F8 (Flyball, 8LM)
Top of the 7th over - 0 run(s), 0 hit(s), 0 error(s), 0 left on base; New York 0 - Baffin Island 2
BOTTOM OF THE 7TH
Baffin Island Beavers batting - Pitching for New York Knights : LHP Juan Ortíz
Batting: LHB Sammy Marshall 0-0: Called Strike
0-1: Ball
1-1: DOUBLE (Line Drive, 78D)
Batting: LHB Mike MacFadden 0-0: Ground out 4-3 (Groundball, 4)
Sammy Marshall to third
Batting: RHB Alden Isenhood 0-0: Fly out, F4 (Line Drive, 4M)
Pitching: RHP Steve Poe
Batting: RHB Tony Morton 0-0: Ball
1-0: Fly out, F8 (Line Drive, 8RM)
Bottom of the 7th over - 0 run(s), 1 hit(s), 0 error(s), 1 left on base; New York 0 - Baffin Island 2
TOP OF THE 8TH
New York Knights batting - Pitching for Baffin Island Beavers : RHP Nathan Walters
Now at 1B: Ángelo García
Batting: LHB Mike Harris 0-0: Ball
1-0: Fly out, F8 (Flyball, 8LM)
Batting: RHB Steve Sampson 0-0: Called Strike
0-1: Ball
1-1: Called Strike
1-2: Ball
2-2: Ball
3-2: Base on Balls
Batting: LHB Dan Hamilton 0-0: Ball
1-0: Fly out, F4 (Popup, 3D)
Pitching: LHP Jaime Guzmán
Batting: RHB Pepe Carrasco 0-0: Called Strike
0-1: Fly out, F8 (Flyball, 8RM)
Top of the 8th over - 0 run(s), 0 hit(s), 0 error(s), 1 left on base; New York 0 - Baffin Island 2
BOTTOM OF THE 8TH
Baffin Island Beavers batting - Pitching for New York Knights : RHP Steve Poe
Batting: LHB Norberto Muńóz 0-0: Ball
1-0: Ball
2-0: Ball
3-0: Base on Balls
Pitching: LHP Leo Huggins
Batting: LHB Chris Bates 0-0: Ball
1-0: Foul Ball, location: 2F
1-1: Hit by Pitch
Norberto Muńóz to second
Pitching: RHP James Jones
Batting: RHB Dave Craig 0-0: Ball
1-0: Ball
2-0: Ball
3-0: Base on Balls
Norberto Muńóz to third
Chris Bates to second
Pinch Hitting: RHB Eduardo García 0-0: Called Strike
0-1: Foul Ball, location: 2F
0-2: Strikes out swinging
Batting: SHB Alonso Ferreira 0-0: Ball
1-0: Called Strike
1-1: Ball
2-1: Ball
3-1: Swinging Strike
3-2: Foul Ball, location: 2F
3-2: Base on Balls
Norberto Muńóz scores
Chris Bates to third
Dave Craig to second
Batting: LHB Sammy Marshall 0-0: Grounds into fielders choice 6-2 (Groundball, 6S)
Dave Craig to third
Alonso Ferreira to second
Batting: LHB Mike MacFadden 0-0: Called Strike
0-1: Ball
1-1: Called Strike
1-2: Ball
2-2: Strikes out swinging
Bottom of the 8th over - 1 run(s), 0 hit(s), 0 error(s), 3 left on base; New York 0 - Baffin Island 3
TOP OF THE 9TH
New York Knights batting - Pitching for Baffin Island Beavers : LHP Jaime Guzmán
Pitching: LHP Brent Miller
Now at 1B: Ron Edwards
Batting: LHB Arthur Hall 0-0: Fly out, F8 (Flyball, 8RD)
Batting: RHB Vic Langlois 0-0: Swinging Strike
0-1: Ball
1-1: Foul Ball, location: 2F
1-2: Strikes out swinging
Batting: RHB Lonnie Anderson 0-0: Ball
1-0: Called Strike
1-1: Ball
2-1: Ground out 4-3 (Groundball, 4D)
Top of the 9th over - 0 run(s), 0 hit(s), 0 error(s), 0 left on base; New York 0 - Baffin Island 3
Tuesday, August 8th, 2017 - OOTP Baseball 17.12 Build 75